 Dungeon Crawl Stone Soup version 0.27.0-1-g7a089689b8 (webtiles) character file.

Game seed: 7333285264404540369

45 trckry the Skirmisher (level 3, -2/37 HPs)
             Began as an Ogre Warper on Aug 9, 2021.
             Slain by a gnoll (11 damage)
             ... on level 2 of the Dungeon.
             The game lasted 00:03:37 (1911 turns).

trckry the Skirmisher (Ogre Warper)                 Turns: 1911, Time: 00:03:37

Health: -2/37      AC:  3    Str: 15    XL:     3   Next: 64%
Magic:  7/7        EV:  9    Int: 15    God:
Gold:   23         SH:  0    Dex:  8    Spells: 7/7 levels left

rFire    . . .     SeeInvis .   b - +0 dagger (venom)
rCold    . . .     Faith    .   (no shield)
rNeg     . . .     Spirit   .   e - +0 robe
rPois    .         Reflect  .   (helmet restricted)
rElec    .         Harm     .   (no cloak)
rCorr    .         Rampage  .   (gloves unavailable)
Will     .....                  (boots unavailable)
Stlth    +.........             (no amulet)
HPRegen  0.12/turn              (no ring)
MPRegen  0.10/turn              (no ring)

@: no status effects
A: large, unfitting armour, tough skin 1
a: no special abilities


You were on level 2 of the Dungeon.
You visited 1 branch of the dungeon, and saw 2 of its levels.

You collected 23 gold pieces.

Inventory:

Hand Weapons
 a - a +0 mace
 b - a +0 dagger of venom (weapon)
Armour
 e - a +0 robe (worn)
Jewellery
 h - a ring of flight
Scrolls
 c - a scroll of blinking
 f - a scroll of amnesia {unknown}
 g - a scroll of teleportation {unknown}
 i - a scroll of magic mapping {unknown}


   Skills:
 + Level 3.2 Fighting
 * Level 2.5 Maces & Flails
 + Level 1.5 Throwing
 - Level 2.1 Dodging
 + Level 2.8 Spellcasting
 + Level 3.0 Translocations


You had 7 spell levels left.
You didn't know any spells.
Your spell library contained the following spells:

 Spells                   Type           Power      Damage    Failure   Level
 Blink                    Tloc           N/A        N/A       9%          2
 Gell's Gravitas          Tloc           5%         N/A       19%         3
 Lesser Beckoning         Tloc           5%         N/A       19%         3
 Teleport Other           Tloc           11%        N/A       19%         3
 Manifold Assault         Tloc           11%        N/A       86%         5
 Leda's Liquefaction      Hex/Erth       1%         N/A       90%         4
 Bolt of Magma            Conj/Fire/Erth 1%         4d4       99%         5
 Fireball                 Conj/Fire      1%         3d3       99%         5
 Iskenderun's Battlesphe  Conj           2%         2d6       99%         5
 Conjure Ball Lightning   Conj/Air       1%         3x3d6     100%        6
 Statue Form              Tmut/Erth      1%         N/A       100%        6
 Orb of Destruction       Conj           1%         N/A       100%        7


Dungeon Overview and Level Annotations

Branches:
Dungeon (2/15)

Altars:

Shops:
D:1 (


Innate Abilities, Weirdness & Mutations

You are too large for most types of armour.
You have tough skin. (AC +1)


Message History

You hit the gnoll but do no damage.
The gnoll is poisoned.
The gnoll hits you with a +0 whip.
You take 4 damage, and have 28/37 hp.
You hit the gnoll but do no damage.
The gnoll is lightly wounded.
The gnoll barely misses you. The gnoll hits you with a +0 whip.
A gnoll comes into view. It is wielding a +0 flail.
You take 2 damage, and have 26/37 hp.
You hit the gnoll.
You kill the gnoll!
Your Translocations skill increases to level 3!
The gnoll hits you from afar with a +0 halberd.
You take 2 damage, and have 24/37 hp.
Throw: 2 boomerangs (disperse)
Press: ? - help, Q - select action Shift-Dir - straight line, f - gnoll
Aim: a gnoll, wielding a +0 halberd (58% to hit)
You throw a boomerang of dispersal.
The boomerang of dispersal hits the gnoll but does no damage.
Throw: boomerang (disperse)
Press: ? - help, Q - select action Shift-Dir - straight line, f/p - gnoll
Aim: a gnoll, wielding a +0 halberd (58% to hit)
You throw a boomerang of dispersal.
The boomerang of dispersal hits the gnoll.
The gnoll blinks!
You hit the gnoll.
The gnoll is poisoned.
The gnoll is lightly wounded.
The gnoll barely misses you.
You closely miss the gnoll.
The gnoll is lightly wounded.
The gnoll hits you with a +0 flail.
You take 4 damage, and have 22/37 hp.
You hit the gnoll but do no damage.
The gnoll is heavily wounded.
The gnoll hits you with a +0 flail!
* * * LOW HITPOINT WARNING * * *
You take 14 damage, and have 8/37 hp.
MASSIVE DAMAGE!!
You closely miss the gnoll.
The gnoll is heavily wounded.
The gnoll hits you with a +0 flail!
You die...

.# #.....#
.###..##.#
g).g†....#
.###..#..#########
.##...#)....g....#
.#.....#.#######.#
###......# #.#
##.###########g###
#.# #.....@..# #.#
#.####.#.# #+# #
#...#.# #.##.###.#
#........#
####.#####
####...##
+.......###
##........#


You could see a gnoll (very poisoned).

Vanquished Creatures
  A gnoll (D:2)
  A dart slug (D:1)
  3 ball pythons
  4 endoplasms
  2 giant cockroaches
  3 goblins (D:1)
  2 hobgoblins (D:1)
  5 jackals (D:1)
  4 bats (D:1)
  A frilled lizard (D:1)
  2 kobolds (D:1)
28 creatures vanquished.

Notes
Turn   | Place    | Note
-------+----------+-------------------------------------------
     0 | D:1      | trckry the Ogre Warper began the quest for the Orb.
     0 | D:1      | Reached XP level 1. HP: 22/22 MP: 3/3
   211 | D:1      | Reached XP level 2. HP: 18/29 MP: 3/5
   266 | D:1      | HP: 4/29 [poisoned by a kobold]
   813 | D:1      | Found Xemmuli's Weapon Emporium.
   826 | D:1      | You fall into a shaft and drop 1 floor!
   974 | D:1      | Reached XP level 3. HP: 32/37 MP: 7/7
  1911 | D:2      | Slain by a gnoll

Illustrated notes

Levels and vault maps discovered:
D:1:      evilmike_arrival_hilbert_curve, layout_loops_corners, serial_shops,
          shop, kennysheep_crisscross
D:2:      layout_loops_corners, uniq_jessica

Skill      XL: |  1  2  3 |
---------------+----------+-----
Maces & Flails | 2 |  2.5
Fighting       | 3 |  3.2
Translocations | 3 |  3.0
Throwing       | |  1.5
Dodging        | |  2.1
Spellcasting   | |  2.8

Action                   || total
-------------------------++-------
Melee: Mace              ||    37
       Dagger            ||    53
Throw: Boomerang         ||     5
Armor: Robe              ||    32
Dodge: Dodged            ||    61
